 Dungeon Crawl Stone Soup version 0.18.1-8-gdd0e5ea (webtiles) character file.

75405 nikopol the Impaler (level 15, -4/207 HPs)
             Began as a Minotaur Berserker on June 11, 2016.
             Was the Champion of Trog.
             Killed by divine providence
             ... invoked by an orc priest
             ... led by Saint Roka
              (14 damage)
             ... on level 2 of the Orcish Mines on June 12, 2016.
             The game lasted 01:21:26 (20623 turns).

nikopol the Impaler (Minotaur Berserker)           Turns: 20623, Time: 01:21:27

Health: -4/207     AC: 32    Str: 28    XL:     15   Next: 9%
Magic:  14/14      EV: 20    Int:  4    God:    Trog [******]
Gold:   2229       SH:  0    Dex: 15    Spells: 0 memorised, 14 levels left

rFire  + . .     SeeInvis +     x - +6 glaive (protect)
rCold  . . .     Gourm    .     Q - +3 plate armour {rF+}
rNeg   + . .     Faith    .     (shield currently unavailable)
rPois  +         Spirit   .     V - +2 hat
rElec  +         Dismiss  .     (no cloak)
rCorr  .         Reflect  .     p - +0 pair of gloves of Ranoym {rElec rPois Dex-4 SInv}
SustAt .         Harm     .     l - +3 pair of boots of Udahulis {rN+ Dex+4}
MR     ++...                    r - amulet of regeneration
Stlth  ..........               a - +5 ring of evasion
                                R - ring of protection from magic

@: berserking, very slightly contaminated, very quick, very resistant to hostile
enchantments, extremely unstealthy
A: retaliatory headbutt, horns 2, wild magic 1
a: Berserk, Trog's Hand, Brothers in Arms, Burn Spellbooks, Renounce Religion


You were on level 2 of the Orcish Mines.
You worshipped Trog.
Trog was exalted by your worship.
You were not hungry.

You visited 3 branches of the dungeon, and saw 21 of its levels.
You also visited: Ice Cave.

You collected 2229 gold pieces.

Inventory:

Hand Weapons
 c - a +4 shortbow of evasion
 v - the +10 glaive of Cataclysm {vamp, SInv}
   (You found it in an ice cave)

   It inflicts no extra harm, but heals its wielder somewhat when it strikes a
   living foe.
   It lets you see invisible.
 x - a +6 glaive of protection (weapon)
Missiles
 m - 257 arrows (quivered)
Armour
 l - the +3 pair of boots of Udahulis (worn) {rN+ Dex+4}
   (You found it on level 10 of the Dungeon)

   It affects your dexterity (+4).
   It protects you from negative energy.
 p - the +0 pair of gloves of Ranoym (worn) {rElec rPois Dex-4 SInv}
   (You found it on level 8 of the Lair of Beasts)

   It affects your dexterity (-4).
   It insulates you from electricity.
   It protects you from poison.
   It lets you see invisible.
 P - a +1 chain mail of poison resistance
 Q - a +3 plate armour of fire resistance (worn)
 V - a +2 hat (worn)
Rods
 I - a +1 rod of inaccuracy (10/10)
   (You found it on level 10 of the Dungeon)
Jewellery
 a - a +5 ring of evasion (right hand)
 n - an uncursed ring of flight
 r - an amulet of regeneration (around neck)
 t - an uncursed ring of sustain attributes
 E - a +2 ring of strength
 J - a +3 ring of protection
 R - a ring of protection from magic (left hand)
 X - a +4 ring of dexterity
Wands
 K - a wand of lightning (9/15)
 L - a wand of disintegration (20/24)
 N - a wand of lightning (7/15)
 O - a wand of flame (16/48)
Scrolls
 d - 2 scrolls of fog
 f - 7 scrolls of remove curse
 g - 2 scrolls of identify
 h - 7 scrolls of recharging
 q - a scroll of blinking
 s - 4 scrolls of fear
 u - a scroll of torment {unknown}
 y - a scroll of magic mapping
Potions
 b - 2 potions of might
 e - 7 potions of heal wounds
 i - 4 potions of ambrosia
 o - 3 potions of invisibility
 w - a potion of agility {unknown}
 z - a potion of magic
 A - 6 potions of flight
 C - 9 potions of curing
 G - 3 potions of haste
 T - 2 potions of brilliance
Comestibles
 j - 2 royal jellies
 k - a beef jerky
 B - 6 chunks of flesh
 D - 8 slices of pizza
 F - 14 meat rations
 S - 10 bread rations
 W - 22 fruits


   Skills:
 + Level 14.2 Fighting
 * Level 17.5 Polearms
 * Level 9.0 Bows
 + Level 14.3 Armour
 + Level 13.2 Dodging


You had 14 spell levels left.
You didn't know any spells.

Dungeon Overview and Level Annotations

Branches:
Dungeon (11/15)            Temple (0/1) D:4            Lair (8/8) D:8
 Shoals (0/4) Lair:5        Snake (0/4) Lair:5        Slime (0/6) Lair:8
    Orc (2/2) D:11            Elf (0/3) Orc:2

Altars:
Cheibriados
Fedhas
Gozag
Kikubaaqudgha
Makhleb
Nemelex Xobeh
Pakellas
Ru
Beogh
Jiyva

Shops:
D:4 [   D:5 %   Orc:2 (:

Portals:
Hell: Lair:8

Annotations:
Orc:2 Saint Roka


Innate Abilities, Weirdness & Mutations

You reflexively headbutt those who attack you in melee.
You have a pair of horns on your head.
Your spells are a little harder to cast, but a little more powerful.


Message History

The orc warrior hits you but does no damage.
Attack whom?
Press: ? - help, Dir - move target cursor, f/p - orc warrior
Aim: an orc warrior, wielding a halberd and wearing a chain mail (almost dead, unusually strong)
Okay, then.
You slice Saint Roka!! You headbutt Saint Roka!!
Saint Roka is moderately wounded.
The orc warrior completely misses you.
You hit Saint Roka. Your headbutt misses Saint Roka.
Saint Roka is moderately wounded.
Saint Roka closely misses you. The orc warrior closely misses you.
You slice Saint Roka!!
Saint Roka is moderately wounded.
The orc warrior completely misses you.
You hit Saint Roka.
You headbutt Saint Roka, but do no damage.
Saint Roka is heavily wounded.
The orc priest invokes the aid of Beogh against you.
Beogh smites you!
You die...

### ####........
##.###...........
#...#......#.....
##...............
#..o.^..........
##o.#............
#ooo#............
##oo###...........
#@).# ###.........
##.## #..........
### .......#....
#.............
##.#..........
##....#......
.....#.......
.............
..... #####.


You could see Saint Roka, 3 orc warriors, an orc priest and 2 orcs.

Vanquished Creatures
  A frost giant (IceCv)
  Maud (Lair:7)
  An orc warlord (Orc:2)
  The ghost of nikopol the Spear-Bearer, a journeyman MiBe of Trog (Lair:5)
  A dire elephant (Lair:8)
  Snorg (Lair:4)
  9 hydras
  A catoblepas (Lair:7)
  Nergalle (Lair:4)
  2 orc high priests (Orc:2)
  A sun demon (Lair:8)
  2 hill giants
  A wizard (Lair:8)
  An orc sorcerer (Orc:2)
  3 griffons
  An ugly thing (D:11)
  2 manticores
  A sixfirhy (Lair:8)
  11 elephants
  An ice statue (IceCv)
  A smoke demon (Lair:8)
  2 orange demons (Lair:8)
  12 black mambas
  12 spiny frogs
  A kobold demonologist (D:11)
  7 rime drakes
  12 komodo dragons
  3 ice devils (Lair:8)
  4 red devils (Lair:8)
  15 polar bears
  A two-headed ogre (D:9)
  6 trolls
  14 blink frogs
  A boulder beetle (Lair:5)
  50 yaks
  A spriggan (Lair:4)
  A wyvern (D:10)
  14 hippogriffs
  3 basilisks
  A hungry ghost (D:10)
  3 nagas (Lair:5)
  2 wargs (Orc:2)
  A soldier ant (D:11)
  A hell hound (Lair:8)
  29 water moccasins
  4 porcupines
  29 orc warriors
  2 sky beasts
  A black bear (Lair:4)
  11 ice beasts
  11 ogres
  2 phantoms
  28 wolves
  2 centaurs (D:9)
  21 crocodiles
  5 big kobolds
  27 giant frogs
  A water moccasin zombie (D:9)
  A scorpion (D:5)
  3 killer bees (D:8)
  2 howler monkeys
  2 electric eels
  5 wights (D:9)
  8 crimson imps
  A quasit (D:11)
  19 orc wizards
  A giant frog skeleton (D:6)
  4 jellies
  19 orc priests
  4 hounds
  9 worker ants
  3 iguanas
  24 sheep
  A hound zombie (D:9)
  A hound skeleton (D:7)
  11 adders
  3 gnolls (D:2)
  66 river rats
  A shadow imp (D:9)
  An adder skeleton (D:4)
  An adder zombie (D:6)
  4 worms
  2 dart slugs
  8 giant geckos
  74 orcs
  2 ball pythons
  15 bats
  7 giant cockroaches
  5 goblins
  10 hobgoblins
  10 jackals
  17 kobolds
  5 quokkas
  3 giant newts
  A quokka zombie (D:5)
  20 rats
  2 fungi
  2 plants
761 creatures vanquished.

Vanquished Creatures (others)
  The ghost of kak the Thaumaturge, a novice DECj of Sif Muna (Lair:1)
  A spiny frog (Lair:1)
  2 fulminant prisms (Lair:1)
  14 fungi
  2 plants
20 creatures vanquished.

Grand Total: 781 creatures vanquished

Notes
Turn   | Place    | Note
--------------------------------------------------------------
     0 | D:1      | nikopol the Minotaur Berserker began the quest for the Orb.
     0 | D:1      | Reached XP level 1. HP: 19/19 MP: 0/0
   113 | D:1      | Reached XP level 2. HP: 21/27 MP: 1/1
   253 | D:1      | Reached skill level 4 in Polearms
   716 | D:2      | Reached XP level 3. HP: 21/33 MP: 2/2
   754 | D:2      | Reached ** piety under Trog
   766 | D:2      | Reached XP level 4. HP: 22/40 MP: 3/3
  2276 | D:4      | Reached XP level 5. HP: 45/47 MP: 4/4
  2290 | D:4      | Reached *** piety under Trog
  2510 | D:4      | Noticed an ogre
  2512 | D:4      | Noticed an ogre
  2519 | D:4      | Killed an ogre
  2519 | D:4      | Reached skill level 5 in Fighting
  2519 | D:4      | Reached skill level 5 in Polearms
  2519 | D:4      | Reached XP level 6. HP: 56/56 MP: 5/5
  2935 | D:4      | Found a staircase to the Ecumenical Temple.
  3070 | D:4      | Found Ecoaraim's Armour Shop.
  3088 | D:4      | Noticed a hippogriff
  3097 | D:4      | Killed a hippogriff
  3097 | D:4      | Reached skill level 5 in Armour
  3097 | D:4      | Reached XP level 7. HP: 35/62 MP: 6/6
  3338 | D:5      | Entered Level 5 of the Dungeon
  3372 | D:5      | Found a sparkling altar of Nemelex Xobeh.
  3408 | D:5      | Reached skill level 5 in Dodging
  3476 | D:5      | Found Qemu's Food Emporium.
  3800 | D:5      | Reached skill level 6 in Polearms
  4080 | D:6      | Found an opulent altar of Gozag.
  4148 | D:6      | Reached XP level 8. HP: 71/71 MP: 7/7
  4249 | D:6      | Reached skill level 7 in Polearms
  4280 | D:6      | Found a snail-covered altar of Cheibriados.
  4305 | D:6      | Reached **** piety under Trog
  5142 | D:7      | Found a blossoming altar of Fedhas.
  5145 | D:7      | Found an oddly glowing altar of Pakellas.
  5148 | D:7      | Found an ancient bone altar of Kikubaaqudgha.
  5224 | D:7      | Reached skill level 8 in Polearms
  5224 | D:7      | Reached XP level 9. HP: 75/81 MP: 8/8
  5461 | D:8      | Received a gift from Trog
  5483 | D:8      | Found a staircase to the Lair.
  5722 | D:8      | Reached ***** piety under Trog
  5901 | D:8      | Found a burning altar of Makhleb.
  6113 | D:8      | Noticed a komodo dragon
  6141 | D:8      | Killed a komodo dragon
  6335 | D:8      | Got a pair of transparent boots
  6344 | D:8      | Identified the +0 pair of boots "Ijiq" {*Confuse rC+ rN+ Str+2 Stlth+} (You found it on level 8 of the Dungeon)
  6369 | D:8      | Reached skill level 9 in Polearms
  6800 | Lair:1   | Entered Level 1 of the Lair of Beasts
  6903 | Lair:1   | Noticed a komodo dragon
  6919 | Lair:1   | Killed a komodo dragon
  6992 | Lair:1   | Noticed kak's ghost (novice DECj)
  6993 | Lair:1   | Noticed a spiny frog
  7000 | Lair:1   | Killed kak's ghost
  7000 | Lair:1   | Reached XP level 10. HP: 91/91 MP: 9/9
  7000 | Lair:1   | Killed a spiny frog
  7660 | D:9      | Reached skill level 1 in Bows
  7684 | D:9      | Got a distressingly furry leather armour
  7695 | D:9      | Identified the +1 leather armour of Qazlal's Regard {+Fly rPois Regen+ Dex-4} (You found it on level 9 of the Dungeon)
  7752 | D:9      | Reached skill level 10 in Polearms
  8023 | D:9      | Noticed a three-headed hydra
  8030 | D:9      | Killed a three-headed hydra
  8030 | D:9      | Reached skill level 10 in Fighting
  8135 | D:9      | Reached skill level 10 in Armour
  8319 | D:9      | Found a sacrificial altar of Ru.
  8995 | Lair:2   | Reached XP level 11. HP: 98/100 MP: 10/10
  9012 | Lair:2   | Reached skill level 11 in Polearms
  9130 | Lair:2   | Received a gift from Trog
  9617 | Lair:2   | Noticed a six-headed hydra
  9628 | Lair:2   | Killed a six-headed hydra
  9628 | Lair:2   | Reached skill level 5 in Bows
  9837 | Lair:2   | Noticed a seven-headed hydra
  9849 | Lair:2   | Killed a seven-headed hydra
 10248 | Lair:3   | Found a frozen archway.
 10310 | IceCv    | Entered an ice cave
 10505 | IceCv    | Reached skill level 12 in Polearms
 10948 | IceCv    | Reached skill level 10 in Dodging
 11109 | IceCv    | Reached XP level 12. HP: 91/110 MP: 11/11
 11162 | IceCv    | Noticed a frost giant
 11225 | IceCv    | Killed a frost giant
 11296 | IceCv    | Got a steaming glaive
 11312 | IceCv    | Identified the +10 glaive of Cataclysm {vamp, SInv} (You found it in an ice cave)
 11734 | Lair:3   | Reached skill level 13 in Polearms
 11948 | Lair:3   | Received a gift from Trog
 12430 | Lair:4   | Noticed Nergalle
 12441 | Lair:4   | Killed Nergalle
 12819 | Lair:4   | Noticed Snorg
 12841 | Lair:4   | Killed Snorg
 13019 | Lair:4   | Reached skill level 14 in Polearms
 13228 | Lair:5   | Noticed a four-headed hydra
 13237 | Lair:5   | Killed a ten-headed hydra
 13286 | Lair:5   | Found a staircase to the Shoals.
 13294 | Lair:5   | Reached XP level 13. HP: 118/118 MP: 12/12
 13513 | Lair:5   | Found a staircase to the Snake Pit.
 13696 | Lair:5   | Reached ****** piety under Trog
 13807 | Lair:5   | Noticed nikopol's ghost (journeyman MiBe)
 13821 | Lair:5   | Killed nikopol's ghost
 14064 | Lair:6   | Reached skill level 15 in Polearms
 14236 | Lair:6   | Received a gift from Trog
 14248 | Lair:6   | HP: 3/119 [17-headed hydra (4)]
 14721 | Lair:6   | Gained mutation: Your spells are a little harder to cast, but a little more powerful. [potion of beneficial mutation]
 15186 | Lair:7   | HP: 6/122 [poisoned by a black mamba]
 15192 | Lair:7   | HP: 5/122 [poisoned by a black mamba]
 15197 | Lair:7   | HP: 6/122 [poisoned by a black mamba]
 15512 | Lair:7   | Received a gift from Trog
 15523 | Lair:7   | Noticed Maud
 15542 | Lair:7   | Killed Maud
 15542 | Lair:7   | Reached skill level 16 in Polearms
 15542 | Lair:7   | Reached XP level 14. HP: 129/129 MP: 13/13
 16169 | Lair:8   | Entered Level 8 of the Lair of Beasts
 16175 | Lair:8   | Found a viscous altar of Jiyva.
 16175 | Lair:8   | Found a staircase to the Slime Pits.
 16799 | Lair:8   | Received a gift from Trog
 16831 | Lair:8   | Found a burning altar of Makhleb.
 16881 | Lair:8   | HP: 3/130 [red devil/trident (11)]
 17181 | Lair:8   | Reached skill level 17 in Polearms
 17338 | Lair:8   | Found a gateway to Hell.
 17357 | Lair:8   | Got a pair of jewelled gloves
 17365 | Lair:8   | Identified the +0 pair of gloves of Ranoym {rElec rPois Dex-4 SInv} (You found it on level 8 of the Lair of Beasts)
 17628 | D:10     | Entered Level 10 of the Dungeon
 17674 | D:10     | Got a pair of brightly glowing boots
 17680 | D:10     | Identified the +3 pair of boots of Udahulis {rN+ Dex+4} (You found it on level 10 of the Dungeon)
 17722 | D:10     | Received a gift from Trog
 18446 | D:11     | Found a staircase to the Orcish Mines.
 19253 | Orc:1    | Entered Level 1 of the Orcish Mines
 19493 | Orc:2    | Entered Level 2 of the Orcish Mines
 19493 | Orc:2    | Noticed an orc warlord
 19507 | Orc:1    | Received a gift from Trog
 19541 | Orc:2    | Killed an orc warlord
 19927 | Orc:2    | Found a roughly hewn altar of Beogh.
 19965 | Orc:2    | Found a roughly hewn altar of Beogh.
 20015 | Orc:2    | Found a roughly hewn altar of Beogh.
 20071 | Orc:2    | Found a staircase to the Elven Halls.
 20229 | Orc:2    | Reached XP level 15. HP: 138/138 MP: 14/14
 20236 | Orc:2    | Found a roughly hewn altar of Beogh.
 20249 | Orc:2    | Found Ilagg's Weapon Shoppe.
 20396 | Orc:2    | Found a roughly hewn altar of Beogh.
 20399 | Orc:2    | Found Gajitw Alie's Book Emporium.
 20439 | Orc:2    | Found a roughly hewn altar of Beogh.
 20442 | Orc:2    | Received a gift from Trog
 20527 | Orc:2    | Noticed Saint Roka
 20545 | Orc:2    | HP: 5/138 [Saint Roka/divine providence (11)]
 20618 | Orc:2    | HP: 8/207 [orc warrior/halberd[Saint Roka] (21)]
 20623 | Orc:2    | Killed from afar by an orc priest

Skill      XL: |  1  2  3  4  5  6  7  8  9 10 11 12 13 14 15 |
---------------+----------------------------------------------+-----
Polearms       | 4 5 6 8 9 10 12 14 16 17 | 17.5
Fighting       | 4 5 6 7 9 10 11 12 13 14 | 14.2
Dodging        | 3 4 5 7 8 9 10 11 12 13 | 13.2
Armour         | 3 4 5 7 9 10 12 13 14 | 14.3
Bows           | 4 7 8 9 |  9.0

Action                   |  1- 3 |  4- 6 |  7- 9 | 10-12 | 13-15 || total
-------------------------+-------+-------+-------+-------+-------++-------
Melee: Spear             |    82 |   181 |   417 |   755 |       ||  1435
       Headbutt          |    11 |    32 |    97 |   265 |   182 ||   587
       Bardiche          |       |       |       |     5 |       ||     5
       Glaive            |       |       |       |   143 |   970 ||  1113
 Fire: Shortbow          |       |       |       |    86 |   151 ||   237
Invok: Berserk           |       |     2 |     2 |     8 |     6 ||    18
       Burn Spellbooks   |       |     1 |     1 |       |     3 ||     5
       Trog's Hand       |       |       |       |     1 |     1 ||     2
  Use: Scroll            |       |       |     2 |    14 |    23 ||    39
       Potion            |       |       |       |       |     3 ||     3
 Stab: Sleeping          |     2 |       |       |       |       ||     2
       Paralysed         |       |       |       |     1 |       ||     1
  Eat: Chunk             |       |     9 |    12 |    28 |    29 ||    78
       Royal jelly       |       |       |     1 |     1 |     1 ||     3
       Fruit             |       |       |       |     1 |       ||     1
       Beef jerky        |       |       |       |     2 |       ||     2
Armor: Animal skin       |     7 |       |       |       |       ||     7
       Leather armour    |     1 |    13 |       |       |       ||    14
       Ring mail         |       |    16 |    37 |   124 |    21 ||   198
       Chain mail        |       |       |       |       |    89 ||    89
       Plate armour      |       |       |       |       |   229 ||   229
Dodge: Dodged            |    24 |    61 |   197 |   620 |   932 ||  1834
